 Dungeon Crawl Stone Soup version 0.16-a0-4092-gb8933cd (webtiles) character file.

1230 Ololoev the Basher (level 8, 0/111 HPs)
             Began as an Ogre Hunter on Feb 24, 2015.
             Slain by an orc warrior
             ... wielding a +0 hand axe
              (9 damage)
             ... on level 6 of the Dungeon.
             The game lasted 00:16:50 (5897 turns).

Ololoev the Basher (Ogre Hunter)                    Turns: 5897, Time: 00:16:50

Health: 0/111      AC:  9    Str: 24    XL:     8   Next: 48%
Magic:  8/8        EV: 14    Int: 10    God:
Gold:   525        SH:  0    Dex: 13    Spells: 0 memorised, 7 levels left

rFire  . . .     SeeInvis .     j - +1 mace (protect) (curse)
rCold  . . .     Clarity  .     d - +0 animal skin (curse)
rNeg   . . .     SustAb   .     (shield restricted)
rPois  .         Gourm    .     (helmet restricted)
rElec  .         Spirit   .     r - +0 cloak (curse)
rCorr  .         Warding  .     (gloves unavailable)
rMut   .         Stasis   .     (boots unavailable)
MR     .....                    (no amulet)
Stlth  ..........               s - +2 ring of dexterity (curse)
                                k - +4 ring of evasion (curse)

@: berserking, very quick, not resistant to hostile enchantments, extremely
unstealthy
A: unfitting armour, tough skin 1
a: no special abilities


You were on level 6 of the Dungeon.
You were hungry.

You visited 1 branch of the dungeon, and saw 6 of its levels.
You also visited: Ossuary.

You collected 525 gold pieces.

Notes
Turn   | Place    | Note
--------------------------------------------------------------
     0 | D:1      | Ololoev, the Ogre Hunter, began the quest for the Orb.
     0 | D:1      | Reached XP level 1. HP: 22/22 MP: 1/1
   233 | D:1      | Reached XP level 2. HP: 26/29 MP: 2/2
   395 | D:1      | Reached skill level 5 in Throwing
   922 | D:1      | Reached XP level 3. HP: 34/36 MP: 3/3
  1267 | D:2      | Reached skill level 1 in Maces & Flails
  1645 | D:2      | Reached XP level 4. HP: 44/44 MP: 4/4
  2066 | D:3      | Found a glowing golden altar of the Shining One.
  2283 | D:3      | Reached XP level 5. HP: 29/50 MP: 5/5
  2762 | D:3      | Reached skill level 6 in Throwing
  3362 | D:3      | Reached skill level 5 in Maces & Flails
  3362 | D:3      | Reached XP level 6. HP: 59/59 MP: 6/6
  4346 | D:4      | Reached XP level 7. HP: 60/66 MP: 7/7
  4395 | D:4      | Found a snail-covered altar of Cheibriados.
  4400 | D:4      | Found a basalt altar of Yredelemnul.
  4458 | D:4      | Reached skill level 7 in Maces & Flails
  4624 | D:5      | Entered Level 5 of the Dungeon
  4662 | D:5      | Found a sand-covered staircase.
  4677 | Ossuary  | Entered an ossuary
  4822 | Ossuary  | Reached skill level 8 in Maces & Flails
  5246 | D:5      | Found a glowing silver altar of Zin.
  5246 | D:5      | Found an opulent altar of Gozag.
  5294 | D:5      | Reached XP level 8. HP: 74/74 MP: 8/8
  5588 | D:5      | Reached skill level 9 in Maces & Flails
  5897 | D:6      | Slain by an orc warrior

Inventory:

Hand weapons
 j - a cursed +1 mace of protection (weapon)
Missiles
 c - 2 throwing nets (quivered)
Armour
 d - a cursed +0 animal skin (worn)
 r - a cursed +0 cloak (worn)
Jewellery
 k - a cursed +4 ring of evasion (left hand)
 m - a cursed ring of positive energy
 s - a cursed +2 ring of dexterity (right hand)
Scrolls
 h - a scroll of torment {unknown}
 i - 2 scrolls of random uselessness {unknown}
 l - a scroll of remove curse
 o - 2 scrolls of recharging
 p - a scroll of enchant weapon
Potions
 a - a potion of ambrosia {unknown}
 e - a potion of magic {unknown}
 n - a potion of brilliance {unknown}
 u - a potion of heal wounds
 v - 3 potions of haste
 w - a potion of berserk rage
 x - a potion of flight {unknown}
 z - a potion of curing
 A - 3 potions of might {unknown}
Comestibles
 f - 2 meat rations
 g - a slice of pizza
 q - 5 bread rations
 t - 3 fruits
 B - a beef jerky

Table legend:
 A = Turns spent in this place as a percentage of turns spent in the entire game.
 B = Non-inter-level travel turns spent in this place as a percentage of non-inter-level travel turns spent in the entire game.
 C = Inter-level travel turns spent in this place as a percentage of turns spent in this place.
 D = Turns resting spent in this place as a percentage of non-inter-level travel turns spent in this place.
 E = Turns spent auto-exploring this place as a percentage of non-inter-level travel turns spent in this place.
 F = Non-inter-level travel turns spent in this place divided by the number of levels of this place that you've seen.
                   A       B       C       D       E      F
               +-------+-------+-------+-------+-------+----------------------
         Total | 100.0 | 100.0 |   0.4 |   2.7 |   6.8 | 318.9
       Dungeon |  84.2 |  84.1 |   0.5 |   2.8 |   7.9 | 313.0
       Ossuary |  15.8 |  15.9 |   0.0 |   2.3 |   0.8 | 354.0
               +-------+-------+-------+-------+-------+----------------------


   Skills:
 - Level 2.6 Fighting
 * Level 9.8 Maces & Flails
 + Level 8.3 Throwing
 - Level 1.7 Dodging
 - Level 0.7 Stealth


You had 7 spell levels left.
You didn't know any spells.

Dungeon Overview and Level Annotations

Branches:
Dungeon (6/15)
 Temple: D:4-7

Altars:
Cheibriados
Gozag
Yredelemnul
Zin
The Shining One


Innate Abilities, Weirdness & Mutations

You are too large for most types of armour.
You have tough skin (AC +1).


Message History

The large rock closely misses the orc priest.
You hear a shout!
The orc priest becomes somewhat translucent.
You hit the orc warrior but do no damage.
The orc warrior is moderately wounded.
The orc warrior misses you.
The orc priest calls upon Beogh to heal the orc warrior.
The orc warrior is healed somewhat.
You closely miss the orc warrior.
The orc warrior is lightly wounded.
The orc warrior hits you with a hand axe.
You hit the orc warrior.
The orc warrior is lightly wounded.
The orc warrior hits you with a hand axe.
Drink which item? (? for menu, Esc to quit)
A red film seems to cover your vision as you go berserk!
You feel yourself moving faster!
You feel mighty!
The orc priest calls upon Beogh to heal the orc warrior.
The orc warrior's wounds heal themselves!
The orc warrior hits you with a hand axe!
You barely miss the orc warrior. You hit the orc warrior.
The orc warrior is lightly wounded.
The orc warrior barely misses you.
You sock the orc warrior!
The orc warrior is heavily wounded.
You closely miss the orc warrior.
The orc warrior is heavily wounded.
The orc warrior hits you with a hand axe!
You hit the orc warrior but do no damage.
The orc warrior is heavily wounded.
You barely miss the orc warrior.
The orc warrior is heavily wounded.
The orc warrior hits you but does no damage.
You hit the orc warrior.
The orc warrior is heavily wounded.
You hit the orc warrior but do no damage.
The orc warrior is heavily wounded.
The orc warrior hits you with a hand axe!
You die...

..##...^.........#
.8##....#....###.#
# #...)#....# #.#
####....###### #.#
........### #.#
######....# #.#
........).######.#
..........o....#.#
.....o....####.#@#
....##########.#o#
....# .........(o#
....# #######.###
....# #.### ....#
#...# ##### ###.#
#.# #.#


You could see an orc warrior and an orc priest.

Table legend:
 A = Kills in this place as a percentage of kills in entire the game.
 B = Kills by you in this place as a percentage of kills by you in the entire game.
 C = Kills by friends in this place as a percentage of kills by friends in the entire game.
 D = Other kills in this place as a percentage of other kills in the entire game.
 E = Experience gained in this place as a percentage of experience gained in the entire game.
 F = Experience gained in this place divided by the number of levels of this place that you have seen.
                   A       B       C       D       E      F
               +-------+-------+-------+-------+-------+----------------------
         Total | 100.0 | 100.0 |  -nan |  -nan | 100.0 | 251.1
       Dungeon |  88.8 |  88.8 |  -nan |  -nan |  88.5 | 259.3
       Ossuary |  11.2 |  11.2 |  -nan |  -nan |  11.5 | 202.0
               +-------+-------+-------+-------+-------+----------------------

Vanquished Creatures
  An ogre (D:4)
  2 ice beasts
  3 scorpions
  A crimson imp (D:5)
  5 orc priests
  A centaur skeleton (D:4)
  An orc wizard (D:3)
  2 hounds
  5 worker ants
  2 big kobold zombies (Ossuary)
  A hound zombie (D:5)
  8 mummies (Ossuary)
  8 adders
  A giant mite (D:3)
  4 worms
  An adder skeleton (D:5)
  An adder zombie (D:5)
  2 giant geckos
  2 oozes
  25 orcs
  7 bats
  A bat skeleton (D:4)
  4 giant cockroaches
  A gnoll zombie (Ossuary)
  13 goblins
  11 hobgoblins
  3 jackals (D:1)
  6 kobolds
  4 quokkas
  4 ball pythons
  3 giant newts
  3 hobgoblin zombies (Ossuary)
  2 kobold zombies (Ossuary)
  8 rats
146 creatures vanquished.

Action                   |  1- 3 |  4- 6 |  7- 9 || total
-------------------------+-------+-------+-------++-------
Melee: Short sword       |    85 |       |       ||    85
       Club              |    30 |    74 |       ||   104
       Flail             |       |   117 |       ||   117
       Mace              |       |    46 |   268 ||   314
Throw: Large rock        |     8 |    26 |    28 ||    62
  Use: Scroll            |       |     4 |     8 ||    12
       Potion            |       |       |     1 ||     1
 Stab: Sleeping          |       |     1 |     3 ||     4
  Eat: Chunk             |     2 |     9 |     5 ||    16

Vault maps used:
D:1:      dpeg_arrival_long_road
D:2:      minmay_misc_feat_enclosed, minmay_distorted
D:3:      nicolae_overflow_crystal_walls, roderic_lattice_a, item_on_display_a
D:4:      grunt_temple_overflow_open, first_bread
D:5:      grunt_temple_overflow_gold_and_silver, nicolae_ossuary_entry_monument,
          serial_bayou_pond_c, grunt_tough_drop
D:6:      nicolae_overflow_hidden_temple, grunt_gozag_statues
Ossuary:  ossuary_tomb_3
